[Event "Late-Titled-Tuesday-Blitz-July-09-2024"]
[Site "Chess.com"]
[Date "2024.07.09"]
[Round "6"]
[White "IngOscarArdila"]
[Black "GAO"]
[Result "0-1"]
[WhiteElo "2296"]
[BlackElo "2436"]
[TimeControl "180+1"]
[EndTime "15:04:53 PDT"]
[Termination "GAO won on time"]

1. d4 Nf6 2. c4 e6 3. Nc3 Bb4 4. Qc2 O-O 5. Bg5 d5 6. e3 b6 7.
cxd5 exd5 8. Bd3 h6 9. Bh4 c5 10. Nf3 Nc6 11. a3 Bxc3+ 12. bxc3 Bg4 13. O-O c4 14. Be2 Bh5 15. Ne5 Bxe2 16. Qxe2 g5 17. Nxc6 Qd6 18. Bg3 Qxc6 19. f4 Ne4 20. fxg5 hxg5 21.
Qh5 Kg7 22. Be5+ f6 23. Bg3 Nxc3 24. h4 Rh8 25. Qg4 Qc8 26. Qxc8 Rhxc8 27. hxg5 Ne2+ 28.
Kf2 Nxg3 29. gxf6+ Kxf6 30. Kxg3+ Ke6 31. Rf4 Rg8+ 32. Kf3 Raf8 33. g4 b5 34. Rb1 Rxf4+ 35. exf4 Rb8 36. f5+ Kd6 37. Kf4 a5 38. g5 b4 39. axb4 axb4 40. f6 c3 41. Ke3 b3 42.
Kd3 c2 43. Rf1 Rc8 44. f7 Ke7 45. g6 b2 46. g7 Rc3+ 47. Ke2 Re3+ 0-1

[Event "Late-Titled-Tuesday-Blitz-July-09-2024"]
[Site "Chess.com"]
[Date "2024.07.09"]
[Round "6"]
[White "pooh2012"]
[Black "Kombinator01"]
[Result "0-1"]
[WhiteElo "2628"]
[BlackElo "2478"]
[TimeControl "180+1"]
[EndTime "15:04:54 PDT"]
[Termination "Kombinator01 won by resignation"]

1. d4 d5 2. c4 c5 3. dxc5 e6 4. cxd5 Bxc5 5. Nc3 Nf6 6. e4 O-O 7. Be2 Qb6 8. Na4 Bxf2+ 9. Kf1 Qd4 10. Qxd4 Bxd4 11.
Nf3 e5 12. Nxd4 exd4 13. Bd3 Re8 14. Bg5 Nxe4 15. Re1 f5 16. Nc5 Nd7 17. Nxe4 fxe4 18. Bxe4 Rf8+ 19. Bf3 Nf6 20. Bxf6 Rxf6 21. Re8+ Kf7 22.
Re4 d3 23. Rd4 Bf5 24. Kf2 Rc8 25. d6 Rd8 26. Bxb7 Be4+ 27. Ke3 Bxb7 28. Rxd3 Re6+ 29. Kf2 Rexd6 30. Rxd6 Rxd6 31. Rc1 Ke6 32. g3 Rd2+ 33. Ke3 Rxb2 34. Rc7 Kf6 35. Rd7 a5 36. a3 h5 37.
h4 g6 38. Kf4 Rb6 39. Rd4 Bc8 40.
a4 Be6 41. Rd3 Rb4+ 0-1

[Event "Late-Titled-Tuesday-Blitz-July-09-2024"]
[Site "Chess.com"]
[Date "2024.07.09"]
[Round "6"]
[White "TC2304"]
[Black "AlleyOoper"]
[Result "0-1"]
[WhiteElo "2356"]
[BlackElo "2559"]
[TimeControl "180+1"]
[EndTime "15:04:55 PDT"]
[Termination "AlleyOoper won by resignation"]

1. d4 Nf6 2. Nf3 c5 3. d5 g6 4.
Nc3 Bg7 5. e4 d6 6. Bb5+ Bd7 7. a4 O-O 8. O-O Bg4 9. h3 Bxf3 10.
Qxf3 Na6 11. Re1 Nb4 12. Qd1 Nd7 13. Be3 a6 14. Bf1 Rc8 15. Qd2 Re8 16. Rad1 Nf6 17.
Bc4 Qa5 18. b3 b5 19. axb5 axb5 20. Bxb5 Nxe4 21. Nxe4 Qxb5 22. Bh6 Bh8 23. Ng5 Bf6 24. Qf4 Nxc2 25. Re4 Nd4 26. Nf3 Ne2+ 27. Rxe2 Qxe2 28.
Re1 Qd3 29. Bg5 Qxd5 30. Re2 Ra8 31. h4 Qf5 32. Qg3 h5 33. Kh2 Qg4 34. Re3 Qxg3+ 35. Kxg3 Bxg5 36. Nxg5 Rab8 37. Ne4 Kg7 38. Kf4 Rb4 39.
Kf3 Reb8 40. Nd2 e6 41. Rd3 d5 42. Rc3 R8b5 43. g3 Kf6 44. Ke3 d4+ 0-1

[Event "Late-Titled-Tuesday-Blitz-July-09-2024"]
[Site "Chess.com"]
[Date "2024.07.09"]
[Round "6"]
[White "AsaHoffmann"]
[Black "Mikhail_Golubev"]
[Result "0-1"]
[WhiteElo "2397"]
[BlackElo "2624"]
[TimeControl "180+1"]
[EndTime "15:04:57 PDT"]
[Termination "Mikhail_Golubev won on time"]

1. d4 Nf6 2. Bg5 Ne4 3. Bf4 c5 4. f3 Qa5+ 5. c3 Nf6 6. d5 Qb6 7. e4 Qxb2 8. Nd2 Nh5 9. Be3 Qxc3 10. Kf2 Qf6 11. Bc4 g5 12. Ne2 Bg7 13. Rb1 O-O 14.
Bxc5 Nf4 15. Bd4 Qh6 16. Bxg7 Qxg7 17. g3 Nxe2 18. Qxe2 d6 19. h4 g4 20. f4 Nd7 21.
h5 f5 22. h6 Qd4+ 23. Kg2 Nf6 24. Rb3 fxe4 25. Rh4 Bf5 26. Bb5 Rac8 27. Nf1 Nxd5 28. Ne3 Nxe3+ 29. Rxe3 Rc5 30. Bd7 Bxd7 31. f5 Bxf5 32.
Rxg4+ Bxg4 33. Qxg4+ Kh8 34. Rxe4 Qb2+ 35. Kh3 Rc1 0-1

[Event "Late-Titled-Tuesday-Blitz-July-09-2024"]
[Site "Chess.com"]
[Date "2024.07.09"]
[Round "6"]
[White "cthulhuuu"]
[Black "Marcin"]
[Result "0-1"]
[WhiteElo "2468"]
[BlackElo "2645"]
[TimeControl "180+1"]
[EndTime "15:04:58 PDT"]
[Termination "Marcin won by resignation"]

1. e4 e5 2. Nf3 Nc6 3. d3 Nf6 4. g3 Bc5 5. Bg2 O-O 6. O-O d5 7. exd5 Nxd5 8. c3 h6 9. d4 exd4 10. Nxd4 Nxd4 11. cxd4 Be7 12. Nc3 Be6 13. Re1 c6 14.
Nxd5 Bxd5 15. Bxd5 cxd5 16. Qb3 Qd7 17. Bf4 Rac8 18.
Rac1 a6 19. Re5 Rxc1+ 20. Bxc1 Rd8 21. Qd3 Bf6 22. Re2 Qa4 23. Be3 Qxa2 24. Rc2 Qa5 25. Qf5 Qb6 26. Rc8 g6 27. Rxd8+ Qxd8 28. Qh3 h5 29. g4 Qd7 30. f3 Qe6 31. Bf2 hxg4 32. fxg4 Qe2 33. Qg2 Qd1+ 34. Qf1 Qxg4+ 35. Kh1 Bxd4 36.
Bxd4 Qxd4 37. b4 Qe4+ 38. Kg1 d4 39. b5 axb5 40. h4 Qg4+ 41. Kf2 Qf4+ 0-1

[Event "Late-Titled-Tuesday-Blitz-July-09-2024"]
[Site "Chess.com"]
[Date "2024.07.09"]
[Round "6"]
[White "evgchess5"]
[Black "bazar-wokzal"]
[Result "1-0"]
[WhiteElo "2867"]
[BlackElo "2644"]
[TimeControl "180+1"]
[EndTime "15:04:59 PDT"]
[Termination "evgchess5 won on time"]

1. Nf3 c5 2. e4 d6 3. Bb5+ Nd7 4. d4 cxd4 5. Qxd4 a6 6. Be2 e5 7. Qe3 Ngf6 8. O-O Be7 9. c4 O-O 10. Nc3 Qc7 11. b3 b6 12. Bb2 Bb7 13. Rac1 Rfe8 14. Rfd1 Rac8 15. Nd2 Nc5 16. b4 Ncd7 17. Nd5 Nxd5 18.
cxd5 Qb8 19. Bg4 Red8 20. Nc4 b5 21. Na5 Rxc1 22. Rxc1 Nf6 23. Bh3 Ba8 24. f3 g6 25.
Nc6 Bxc6 26. Rxc6 Nh5 27. g3 h6 28. Qb6 Qxb6+ 29. Rxb6 Bg5 30. Rxa6 Be3+ 31. Kf1 Bd4 32. Bxd4 exd4 33. Ke2 f5 34. exf5 Re8+ 35. Kd3 Re3+ 36. Kxd4 Rxf3 37. fxg6 1-0

[Event "Late-Titled-Tuesday-Blitz-July-09-2024"]
[Site "Chess.com"]
[Date "2024.07.09"]
[Round "6"]
[White "ChessicallyInclined"]
[Black "AmbartsumianTyhran2012"]
[Result "0-1"]
[WhiteElo "2732"]
[BlackElo "2608"]
[TimeControl "180+1"]
[EndTime "15:04:59 PDT"]
[Termination "AmbartsumianTyhran2012 won by checkmate"]

1. e4 e5 2. Nf3 Nc6 3. Bb5 f5 4. d3 fxe4 5. dxe4 Nf6 6. Nc3 Bc5 7. Bc4 d6 8. O-O Bg4 9. Be3 Bb6 10. h3 Bh5 11. g4 Bg6 12. Bxb6 axb6 13. Re1 Qd7 14.
Ng5 h6 15. Ne6 Na5 16. Nd5 Nxc4 17. Nexc7+ Kf7 18. Nxa8 Rxa8 19. b3 Nb2 20. Qf3 Qc6 21. c4 Qc5 22. h4 Qd4 23. g5 hxg5 24. hxg5 Bxe4 25. Qh3 Nd3 26. Qe3 Rh8 27. f3 Bxf3 28. g6+ Kxg6 29. Nf4+ exf4 30. Qxd4 Rh1# 0-1

[Event "Late-Titled-Tuesday-Blitz-July-09-2024"]
[Site "Chess.com"]
[Date "2024.07.09"]
[Round "6"]
[White "Nekoo04"]
[Black "HPanesso"]
[Result "1-0"]
[WhiteElo "2402"]
[BlackElo "2525"]
[TimeControl "180+1"]
[EndTime "15:04:59 PDT"]
[Termination "Nekoo04 won on time"]

1. Nf3 d5 2. e3 Nf6 3. c4 e6 4.
b3 Be7 5. Bb2 O-O 6. Nc3 c5 7.
cxd5 exd5 8. d4 Nc6 9. Be2 Ne4 10. O-O Bf6 11. Rc1 cxd4 12. Nxd4 Nxd4 13. exd4 Nxc3 14. Bxc3 Be6 15. Bf3 Qb6 16. Qd2 Rfc8 17. Rfe1 h6 18. Qb2 Rc6 19. a4 Rac8 20. a5 Qc7 21. Bd2 Rc2 22.
Rxc2 Qxc2 23. Qxc2 Rxc2 24. Be3 Rb2 25. Bd1 Rb1 26.
Kf1 Bf5 27. Ke2 Rb2+ 28. Kf3 g5 29. Re2 Be4+ 30. Kg3 Rb1 31. Rd2 Be7 32. Bc2 Bd6+ 33. Kg4 Bxc2 34. Rxc2 Rxb3 35. h4 gxh4 36. Kh5 Kh7 37.
Rc8 Ra3 38. Bxh6 h3 39. Bg5 f6 40. Bxf6 Bf8 41. Rxf8 1-0

[Event "Late-Titled-Tuesday-Blitz-July-09-2024"]
[Site "Chess.com"]
[Date "2024.07.09"]
[Round "6"]
[White "AlphaPerseii"]
[Black "TOCANTINS_TO"]
[Result "1-0"]
[WhiteElo "2377"]
[BlackElo "2040"]
[TimeControl "180+1"]
[EndTime "15:05:00 PDT"]
[Termination "AlphaPerseii won by resignation"]

1. c4 Nf6 2. d4 g6 3. Nf3 Bg7 4. g3 d6 5. Bg2 O-O 6. Nc3 c5 7. O-O cxd4 8. Nxd4 a6 9. b3 Qc7 10. Bb2 Nbd7 11. Rc1 Qa5 12. a3 Qh5 13. e3 Qxd1 14.
Rfxd1 Rb8 15. Na4 Nc5 16. Nxc5 dxc5 17. Ne2 Bf5 18. h3 Rfd8 19. g4 Bd7 20. Nf4 e6 21. Be5 Ra8 22. Bxb7 Ra7 23. Bg2 Rc8 24. b4 cxb4 25. axb4 Ne8 26. Bxg7 Kxg7 27. c5 Bc6 28. Bxc6 Rxc6 29. Rd8 Nc7 30. Rd7 Nb5 31. Rxa7 Nxa7 32. Nd3 Nb5 33. Ne5 Rc8 34. Rd1 Rc7 35. Rd8 Kf6 36. f4 Ke7 37. Ra8 Rb7 38. Rxa6 Nc3 39.
Ra3 Nd5 40. Rb3 Rxb4 41. Nc6+ 1-0

[Event "Late-Titled-Tuesday-Blitz-July-09-2024"]
[Site "Chess.com"]
[Date "2024.07.09"]
[Round "6"]
[White "WindWhistler11"]
[Black "luggevoila"]
[Result "1-0"]
[WhiteElo "2481"]
[BlackElo "2339"]
[TimeControl "180+1"]
[EndTime "15:05:01 PDT"]
[Termination "WindWhistler11 won on time"]

1. b3 d5 2. Bb2 Nf6 3. e3 a5 4. c4 e6 5. Nf3 Be7 6. g3 O-O 7. Bg2 a4 8. Na3 Nc6 9. O-O b6 10. Qc1 Nb4 11. Ne5 Nd7 12. Nc2 Nxe5 13. Nxb4 Bb7 14. Nxd5 Nd3 15. Qc3 Nxb2 16. Nxe7+ Qxe7 17. Bxb7 Ra7 18. Bg2 a3 19. d4 Rd8 20. Rfe1 c5 21.
d5 Qf6 22. Qc2 Qg6 23. Be4 Qh6 24. Bf3 Rad7 25. Kg2 Qf6 26. Rac1 h6 27. e4 e5 28. Bg4 Rd6 29. Rf1 Qg5 30. Bh3 Rg6 31. Rce1 Rdd6 32.
Kh1 Qh5 33. Bf5 Qf3+ 34. Kg1 Rg5 35. Re3 Qh5 36. f4 exf4 37. Rxf4 g6 38. Bc8 Qd1+ 39. Qxd1 Nxd1 40. Ref3 1-0

[Event "Late-Titled-Tuesday-Blitz-July-09-2024"]
[Site "Chess.com"]
[Date "2024.07.09"]
[Round "6"]
[White "orkinyo12345"]
[Black "SocoLoco"]
[Result "1-0"]
[WhiteElo "2477"]
[BlackElo "2111"]
[TimeControl "180+1"]
[EndTime "15:05:06 PDT"]
[Termination "orkinyo12345 won by checkmate"]

1. d4 d5 2. Nf3 Nc6 3. c4 Bg4 4. cxd5 Bxf3 5. dxc6 Bxc6 6. e4 e6 7. Nc3 Nf6 8. f3 Be7 9. Be3 O-O 10. Bd3 a6 11. a4 Rb8 12. O-O Qd7 13. Qc2 Rfd8 14.
Rad1 h6 15. Rfe1 Bf8 16. Bf2 b5 17. axb5 axb5 18. Nb1 b4 19. Nd2 Bb5 20. Nc4 Bxc4 21.
Qxc4 c6 22. b3 Qb7 23. Bb1 Ra8 24. Qc2 Ra7 25. e5 Be7 26. exf6 Bxf6 27. Qh7+ Kf8 28. d5 cxd5 29. Bc5+ Ke8 30. Qg8+ Kd7 31. Qxf7+ Kc8 32. Qxe6+ Kb8 33. Bxa7+ Qxa7+ 34. Kh1 d4 35. Be4 d3 36.
Rxd3 Rxd3 37. Bxd3 Qf2 38. Rd1 Bd4 39. Qd6+ Kb7 40.
Be4+ Ka7 41. Qc7+ Ka6 42. Bd3# 1-0

[Event "Late-Titled-Tuesday-Blitz-July-09-2024"]
[Site "Chess.com"]
[Date "2024.07.09"]
[Round "6"]
[White "Statham_01"]
[Black "VacheH009"]
[Result "1-0"]
[WhiteElo "2674"]
[BlackElo "2513"]
[TimeControl "180+1"]
[EndTime "15:05:07 PDT"]
[Termination "Statham_01 won by resignation"]

1. e4 e5 2. Nf3 Nc6 3. c3 d5 4.
Bb5 dxe4 5. Nxe5 Qd5 6. Qa4 Ne7 7. f4 exf3 8. Nxf3 a6 9. Bc4 Qe4+ 10. Kf2 Be6 11.
d3 Qg4 12. h3 Qh5 13. Bxe6 fxe6 14. Re1 e5 15. d4 exd4 16. cxd4 O-O-O 17. Nc3 Nd5 18.
Bg5 Nb6 19. Qd1 Nxd4 20. Bxd8 Bc5 21. Nxd4 Qf7+ 22. Kg1 Rxd8 23. Qg4+ Kb8 24. Rad1 Nc4 25. Kh1 Bd6 26. Ne6 Re8 27. Qxc4 Qf2 28. Ne4 Qxb2 29.
Nxd6 cxd6 30. Qc7+ Ka7 31. Nc5 Rf8 32. Qxb7+ Qxb7 33. Nxb7 Kxb7 34. Rxd6 Kc7 35. Rxa6 Re8 36. Rxe8 Kd7 37. Rae6 g5 38. g4 h5 39. gxh5 g4 40. hxg4 Kc7 41. h6 Kd7 42. h7 Kc7 43. a4 Kd7 44. a5 Kc7 45. Kg1 Kd7 46. Kf2 1-0

[Event "Late-Titled-Tuesday-Blitz-July-09-2024"]
[Site "Chess.com"]
[Date "2024.07.09"]
[Round "6"]
[White "MusicCityMaster"]
[Black "BardArtem"]
[Result "1-0"]
[WhiteElo "2514"]
[BlackElo "2782"]
[TimeControl "180+1"]
[EndTime "15:05:09 PDT"]
[Termination "MusicCityMaster won by checkmate"]

1. e4 e5 2. Nc3 Nc6 3. f4 exf4 4. Nf3 g5 5. h4 g4 6. Ng5 f3 7. Bc4 Ne5 8. Bb3 h6 9. d4 hxg5 10. dxe5 Rxh4 11. Rf1 Qe7 12. gxf3 Qxe5 13. f4 Qc5 14. fxg5 Bd6 15. Bxf7+ Kd8 16. Qd3 Rh3 17. Qd5 Ne7 18. Qxc5 Bxc5 19. g6 g3 20. Bg5 g2 21. g7 gxf1=Q+ 22. Kxf1 c6 23. g8=Q+ Kc7 24. Bf4+ d6 25. Qg5 Rh1+ 26.
Ke2 Bg4+ 27. Kd2 Rxa1 28. Qxe7+ Bd7 29. Be6 Rd8 30. Bg5 Rh8 31. Qxd7+ Kb6 32. Na4+ Ka5 33. Qxb7 Bb6 34. Nxb6 axb6 35. Qa7+ Kb5 36. c4+ Kc5 37. Be3+ Kb4 38. Qa3# 1-0

[Event "Late-Titled-Tuesday-Blitz-July-09-2024"]
[Site "Chess.com"]
[Date "2024.07.09"]
[Round "6"]
[White "marvinguevara"]
[Black "ArchibaldCerveza29"]
[Result "1-0"]
[WhiteElo "2098"]
[BlackElo "2400"]
[TimeControl "180+1"]
[EndTime "15:05:09 PDT"]
[Termination "marvinguevara won by resignation"]

1. e4 e5 2. Nf3 Nf6 3. Nxe5 d6 4.
Nf3 Nxe4 5. d4 d5 6. Bd3 Bd6 7. O-O O-O 8. c4 c6 9. Nc3 Nxc3 10. bxc3 dxc4 11. Bxc4 Bf5 12. Re1 Nd7 13. h3 h6 14.
a4 Qf6 15. Ba3 Nb6 16. Bxd6 Qxd6 17. Bb3 Rfe8 18. Ne5 Be6 19. a5 Nd5 20. Bc2 Nf4 21.
Qf3 Nd5 22. Qd3 Nf6 23. Re3 Rad8 24. Rf3 Bd5 25. Rxf6 Qxf6 26. Qh7+ Kf8 27. Re1 Rxe5 28. Rxe5 g6 29. Qxh6+ Qg7 30. Qf4 Re8 31. Rxe8+ Kxe8 32. Qb8+ Ke7 33. Qxa7 Qh6 34. Qxb7+ Kf8 35. Qb4+ Kg8 36. Qb1 Qg5 37. Be4 Bxe4 38. Qxe4 Qc1+ 39. Kh2 Qxc3 40.
a6 Qc5 41. dxc5 1-0

[Event "Late-Titled-Tuesday-Blitz-July-09-2024"]
[Site "Chess.com"]
[Date "2024.07.09"]
[Round "6"]
[White "Defenstrator"]
[Black "Boorchess"]
[Result "1-0"]
[WhiteElo "2383"]
[BlackElo "2515"]
[TimeControl "180+1"]
[EndTime "15:05:14 PDT"]
[Termination "Defenstrator won on time"]

1. e4 c5 2. Nf3 e6 3. d4 cxd4 4. Nxd4 a6 5. Nc3 b5 6. g4 Bb7 7. Bg2 d6 8. O-O Nd7 9. Re1 Be7 10. a4 b4 11. Na2 Qb6 12. c3 bxc3 13. Nxc3 Ne5 14.
b3 Rc8 15. Bb2 Nf6 16. g5 Nfd7 17. f4 Nc6 18. Nd5 exd5 19. exd5 Nce5 20. fxe5 dxe5 21. Kh1 O-O 22. Nf5 Bxg5 23. Qg4 Bf6 24. Be4 Rc2 25.
Bxc2 Bxd5+ 26. Be4 Qxb3 27. Nh6+ Kh8 28. Qxd7 Bxe4+ 29. Rxe4 Qxb2 30. Rae1 gxh6 31. Qf5 Bg7 32. Rg1 Qb7 33.
h3 Rg8 34. Kh2 f6 35. Reg4 Qc7 36. Qxf6 e4+ 37. Kh1 1-0

[Event "Late-Titled-Tuesday-Blitz-July-09-2024"]
[Site "Chess.com"]
[Date "2024.07.09"]
[Round "6"]
[White "Arysya"]
[Black "rpragchess"]
[Result "1-0"]
[WhiteElo "2920"]
[BlackElo "3098"]
[TimeControl "180+1"]
[EndTime "15:05:15 PDT"]
[Termination "Arysya won on time"]

1. e4 c5 2. Nf3 e6 3. g3 Nc6 4. Bg2 Nf6 5. Qe2 e5 6. O-O Be7 7. Nc3 d6 8. d3 O-O 9. h3 Re8 10.
Kh2 h6 11. Qd1 Bf8 12. Nd5 Be6 13. Nd2 g6 14. a4 Bg7 15. c3 Ne7 16. Nxf6+ Bxf6 17. Nc4 Bg7 18. f4 exf4 19. Bxf4 d5 20. Nd6 Rf8 21. Nb5 g5 22. Bd6 a6 23. Bxe7 Qxe7 24. exd5 Bd7 25. d6 Qe5 26. d4 cxd4 27. cxd4 Qe6 28. Nc7 Qxd6 29. Nxa8 Rxa8 30. Qf3 Rf8 31. Qxb7 Be6 32. Rad1 h5 33. Qc6 Qb8 34. d5 Bxh3 35. Bxh3 Qxb2+ 36. Bg2 h4 37. d6 hxg3+ 38. Kh1 Qb4 39. Qe4 1-0

[Event "Late-Titled-Tuesday-Blitz-July-09-2024"]
[Site "Chess.com"]
[Date "2024.07.09"]
[Round "6"]
[White "m_ezat"]
[Black "KorolDimitriy75"]
[Result "1-0"]
[WhiteElo "2639"]
[BlackElo "2399"]
[TimeControl "180+1"]
[EndTime "15:05:16 PDT"]
[Termination "m_ezat won on time"]

1. d4 Nf6 2. c4 c5 3. d5 b5 4.
cxb5 a6 5. Nc3 axb5 6. e4 b4 7. Nb5 d6 8. Bf4 g6 9. e5 Nh5 10. exd6 exd6 11. Qe2+ Kd7 12. Be3 Bg7 13. Nf3 Re8 14.
g3 Ra5 15. Nd2 Ba6 16. a4 bxa3 17. Rxa3 Bxb5 18. Qg4+ f5 19. Bxb5+ Rxb5 20. Qa4 Qb6 21. Rb3 Qa6 22. Qxb5+ Qxb5 23. Rxb5 Kc7 24. O-O Nd7 25. Ra1 Rc8 26. Ra7+ Kd8 27. Rbb7 Nhf6 28. Bg5 Bh8 29. Rxd7+ Ke8 30. Re7+ Kf8 31. Bxf6 Bxf6 32. Rf7+ Kg8 33. Rxf6 Rf8 34. Rxf8+ Kxf8 35. Nc4 Ke8 36. Nxd6+ Kd8 37. Rxh7 f4 38. gxf4 g5 39. f5 c4 40. f6 c3 41. f7 Ke7 42. f8=Q+ Kxf8 43. bxc3 Kg8 44. Re7 Kf8 45. Rd7 1-0

[Event "Late-Titled-Tuesday-Blitz-July-09-2024"]
[Site "Chess.com"]
[Date "2024.07.09"]
[Round "6"]
[White "hakanazeri2"]
[Black "Kyrko_Gamba"]
[Result "1-0"]
[WhiteElo "2686"]
[BlackElo "2528"]
[TimeControl "180+1"]
[EndTime "15:05:17 PDT"]
[Termination "hakanazeri2 won by resignation"]

1. Nf3 d5 2. g3 Nf6 3. Bg2 e6 4. O-O Be7 5. c4 O-O 6. b3 d4 7.
e3 c5 8. d3 Nc6 9. exd4 cxd4 10.
a3 a5 11. Re1 Re8 12. Ne5 Nxe5 13. Rxe5 Nd7 14. Re1 e5 15. Nd2 Nc5 16. Ne4 Ne6 17.
f4 exf4 18. Bxf4 Nxf4 19. gxf4 Bf5 20. Ng3 Qd7 21. Bxb7 Qxb7 22. Nxf5 Bf8 23. Ng3 Rxe1+ 24. Qxe1 Qxb3 25. Qe4 Rb8 26. Re1 Qc2 27. Re2 Qc1+ 28. Re1 Qd2 29. Re2 Qd1+ 30. Kg2 Rb1 31. Kh3 g6 32. f5 Qa4 33. fxg6 hxg6 34. Qd5 Rb8 35. Rf2 Qe8 36. Ne4 Bg7 37. Kg2 Kf8 38. Nd6 Qe6 39. Qxe6 1-0

[Event "Late-Titled-Tuesday-Blitz-July-09-2024"]
[Site "Chess.com"]
[Date "2024.07.09"]
[Round "6"]
[White "JAN2404"]
[Black "NajdorfPlayerc5"]
[Result "1-0"]
[WhiteElo "2109"]
[BlackElo "2402"]
[TimeControl "180+1"]
[EndTime "15:05:17 PDT"]
[Termination "JAN2404 won on time"]

1. e4 c6 2. d4 d5 3. e5 Bf5 4.
Nf3 e6 5. Be2 c5 6. c3 Nc6 7.
O-O Be7 8. Be3 g5 9. dxc5 g4 10.
Nd4 Nxd4 11. Bxd4 h5 12. Qa4+ Kf8 13. c4 dxc4 14. Qxc4 Nh6 15. Nc3 Kg7 16. Nb5 Be4 17. Nd6 Nf5 18. Rad1 Nxd4 19. Qxd4 Bd5 20. f4 f5 21. Nxf5+ exf5 22. Qxd5 Qc7 23. Qd7 Qxc5+ 24. Kh1 Rhd8 25. Qxf5 Rxd1 26. Rxd1 Rd8 27. Rxd8 Bxd8 28. Qd7+ Be7 29. g3 Kf8 30. f5 Qf2 31. Qc8+ Kg7 32.
f6+ Kh6 33. Qh8+ Kg5 34. Qg7+ Kf5 35. Qh7+ Kxe5 36. Qxe7+ Kd4 37. f7 h4 38. Qd6+ 1-0

[Event "Late-Titled-Tuesday-Blitz-July-09-2024"]
[Site "Chess.com"]
[Date "2024.07.09"]
[Round "6"]
[White "IMVadim"]
[Black "duone"]
[Result "0-1"]
[WhiteElo "2421"]
[BlackElo "2322"]
[TimeControl "180+1"]
[EndTime "15:05:18 PDT"]
[Termination "duone won by resignation"]

1. e4 e5 2. Nf3 Nc6 3. Bc4 Bc5 4. c3 Nf6 5. d4 exd4 6. e5 d5 7.
Bb5 Ne4 8. cxd4 Bb6 9. Be3 O-O 10. Nc3 f6 11. exf6 Rxf6 12. Qb3 Be6 13. O-O a6 14. Bxc6 bxc6 15. Ne5 Qd6 16. Na4 Ba5 17. Qb7 Raf8 18. Qxc6 Qxc6 19. Nxc6 Bd2 20. Ne5 h5 21. Rad1 Bxe3 22.
fxe3 Rf2 23. Rxf2 Rxf2 24. Nc5 Bf5 25. Nxe4 Rxb2 26. Nc3 Rc2 27. Nxd5 Be4 28. Ne7+ Kf8 29. N7g6+ Kg8 30. Rf1 Rxg2+ 31. Kh1 Rg3+ 32. Nf3 Bxf3+ 33. Rxf3 Rxf3 34. Ne7+ Kf7 35. Nd5 c6 36. Nb4 Rxe3 37. Nxa6 Rd3 38. Nb4 Rxd4 39. Nxc6 Ra4 40. Kg2 Rxa2+ 41.
Kg3 g5 42. Ne5+ Kf6 43. Nd7+ Kf5 44. Nc5 Ra3+ 45. Kg2 Kg4 46. Ne4 Ra2+ 47. Nf2+ Kf4 48. Kf1 Kf3 49. Nd3 Ra1+ 50. Ne1+ Ke3 51. Kg2 Rxe1 52.
Kg3 Rg1+ 53. Kh3 g4+ 54. Kh4 Kf3 55. h3 gxh3 56. Kxh5 h2 0-1

[Event "Late-Titled-Tuesday-Blitz-July-09-2024"]
[Site "Chess.com"]
[Date "2024.07.09"]
[Round "6"]
[White "realburq"]
[Black "HouseOfDurin"]
[Result "1-0"]
[WhiteElo "2435"]
[BlackElo "2298"]
[TimeControl "180+1"]
[EndTime "15:05:20 PDT"]
[Termination "realburq won on time"]

1. e4 a6 2. a3 b5 3. g3 Bb7 4.
Bg2 d6 5. Ne2 g6 6. O-O Bg7 7.
d4 Nd7 8. Nbc3 c5 9. Be3 Rc8 10. Qd2 Ba8 11. Rad1 Ngf6 12. e5 Ng4 13. exd6 Bxg2 14. dxe7 Qxe7 15. Kxg2 Nxe3+ 16. Qxe3 Qxe3 17. fxe3 O-O 18. Nd5 Rfe8 19. c3 f5 20. Nef4 Nf6 21.
Nxf6+ Bxf6 22. Kf3 cxd4 23. exd4 a5 24. Rfe1 Rxe1 25.
Rxe1 b4 26. axb4 axb4 27. Nd5 bxc3 28. Nxf6+ Kf7 29. Nd7 cxb2 30. Nc5 Rd8 31. Rb1 Rxd4 32. Rxb2 Rc4 33. Nd3 Kf6 34. Rb6+ Kg5 35. h4+ Kh6 36. Ne5 Rc3+ 37. Kg2 Kh5 38. Kh3 f4 39. Rb5 Rxg3+ 40.
Kh2 Kh6 41. Nf7+ Kg7 42. Ng5 1-0

[Event "Late-Titled-Tuesday-Blitz-July-09-2024"]
[Site "Chess.com"]
[Date "2024.07.09"]
[Round "6"]
[White "Navyblue1"]
[Black "PapaieDudu"]
[Result "0-1"]
[WhiteElo "2128"]
[BlackElo "2414"]
[TimeControl "180+1"]
[EndTime "15:05:20 PDT"]
[Termination "PapaieDudu won by resignation"]

1. d4 d5 2. c4 e6 3. Nc3 Nf6 4. Bg5 dxc4 5. e3 a6 6. Bxc4 b5 7. Be2 c5 8. dxc5 Qc7 9. Bf3 Ra7 10. Bxf6 gxf6 11. Qd4 e5 12. Qh4 Bg7 13. Nge2 O-O 14. b4 Be6 15. O-O Nc6 16. a3 f5 17. Nd5 Qd8 18. Qxd8 Rxd8 19. Nf6+ Bxf6 20. Bxc6 Bc4 21. Rfe1 Rc7 22. Bf3 e4 23. Bh5 Bxa1 24. Rxa1 Bxe2 25. Bxe2 Rd2 26. Bh5 a5 27. g4 fxg4 28. Bxg4 axb4 29.
axb4 Rb2 30. Ra8+ Kg7 31. Bf5 Rxb4 32. Re8 Rxc5 33. Bxe4 Rbc4 34. h4 b4 35. Kg2 Rb5 36. Bd3 Rcc5 37. Bxb5 Rxb5 38. Rd8 Kf6 39. Rd2 Ke5 40.
Rb2 Ke4 41. Rb3 Kd5 42. Kf3 Kc4 43. Rb1 Kc3 44. Ke2 Kc2 45. Rd1 b3 46. Rd2+ Kc3 47.
Rd3+ Kc4 48. Rd1 b2 49. Rb1 Kc3 0-1

[Event "Late-Titled-Tuesday-Blitz-July-09-2024"]
[Site "Chess.com"]
[Date "2024.07.09"]
[Round "6"]
[White "praveenb2002"]
[Black "FabianoCaruana"]
[Result "0-1"]
[WhiteElo "2845"]
[BlackElo "3174"]
[TimeControl "180+1"]
[EndTime "15:05:22 PDT"]
[Termination "FabianoCaruana won by checkmate"]

1. e4 c5 2. Nf3 Nc6 3. d4 cxd4 4. Nxd4 Nf6 5. Nc3 e5 6. Ndb5 d6 7. Nd5 Nxd5 8. exd5 Nb8 9. a4 Be7 10. Bd2 O-O 11. Be2 Bf5 12. O-O Nd7 13. a5 a6 14. Na3 Bg6 15. Nc4 Rc8 16. Bb4 Nf6 17. Ra3 Ne4 18. f3 Nc5 19. Nb6 Rc7 20. Rc3 Nd7 21. Nc4 Qb8 22. Qa1 b5 23. axb6 Nxb6 24. Nxb6 Qxb6+ 25. Kh1 Rxc3 26. Bxc3 Ra8 27. Qa4 h5 28. Qc6 Qa7 29. Ra1 Rb8 30. Qxa6 Qxa6 31. Rxa6 Bxc2 32. Kg1 Bb3 33. Ra7 Bd8 34. Rd7 Bb6+ 35.
Kf1 Bc5 36. f4 exf4 37. Bxh5 Bxd5 38. Bf3 Be6 39. Rc7 Be3 40. Ke2 d5 41. Be5 d4 42.
Rb7 Bc4+ 43. Kd1 Re8 44. Rb8 Rxb8 45. Bxb8 d3 46. Be5 Bb3+ 47. Ke1 d2+ 48. Kf1 Bc4+ 49. Be2 d1=Q# 0-1

[Event "Late-Titled-Tuesday-Blitz-July-09-2024"]
[Site "Chess.com"]
[Date "2024.07.09"]
[Round "6"]
[White "stregachess"]
[Black "FMalexhdez"]
[Result "0-1"]
[WhiteElo "2077"]
[BlackElo "2275"]
[TimeControl "180+1"]
[EndTime "15:05:23 PDT"]
[Termination "FMalexhdez won by resignation"]

1. d4 Nf6 2. Nf3 e6 3. Bf4 b6 4. e3 Bb7 5. Be2 d6 6. O-O Nbd7 7. h3 Be7 8. c4 c5 9. Nc3 a6 10. b3 O-O 11. Rc1 Rc8 12. dxc5 Nxc5 13. Qc2 Qc7 14. Rfd1 Rfd8 15. Bh2 Nce4 16. Nxe4 Bxe4 17. Qb2 Qb7 18. Ne1 d5 19. cxd5 Nxd5 20. Bf3 Bf6 21. Rxc8 Rxc8 22. Be5 Bxe5 23. Qxe5 Bxf3 24. Nxf3 h6 25. Nd4 Qc7 26. Qxc7 Rxc7 27. Rd2 Kf8 28. g3 Ke7 29. Kg2 Rc1 30.
h4 h5 31. Kf3 g6 32. e4 Nb4 33.
a3 Nc6 34. Nxc6+ Rxc6 35. Rd3 e5 36. Ke3 Rc2 37. b4 Ke6 38. Rb3 f5 39. exf5+ gxf5 40. Kf3 e4+ 41. Kg2 Kd5 42. Kf1 Kd4 43. Ke1 Rc3 44. Rxc3 Kxc3 45. Ke2 Kb3 46. Ke3 Kxa3 47. Kf4 Kxb4 48. Kxf5 a5 49. g4 a4 50. gxh5 a3 51. Kxe4 a2 52. h6 a1=Q 53. Kf4 Qf6+ 54. Kg4 Qxh6 55. f4 Kc5 56. h5 b5 57. f5 b4 58. Kh4 b3 59. f6 Qxf6+ 60. Kg4 b2 61. h6 b1=Q 62. h7 Qbg6+ 0-1